 Dungeon Crawl Stone Soup version 0.32-a0-673-g3729bd50f8 (webtiles) character file.

Game seed: 17523153683358130213

43503 910rd the Grappler (level 13, -3/118 HPs)
             Began as a White Draconian Shapeshifter on Mar 10, 2024.
             Was a High Priest of Yredelemnul.
             Slain by a sun demon (24 damage)
             ... summoned by an orc high priest
             ... on level 2 of the Orcish Mines on Mar 11, 2024.
             The game lasted 01:06:52 (19473 turns).

910rd the Grappler (White Draconian Shapeshifter)  Turns: 19473, Time: 01:06:53

Health: -3/118     AC: 12    Str: 20    XL:     13   Next: 91%
Magic:  9/22       EV: 17    Int: 22    God:    Yredelemnul [*****.]
Gold:   1373       SH:  0    Dex: 10    Spells: 12/16 levels left

rFire   . .          .
                       - Unarmed
rCold   + . .        (shield currently unavailable)
rNeg    + . .        (body armour unavailable)
rPois   +            (helmet restricted)
rElec   .            V - +0 cloak
rCorr   .            O - -1 pair of gloves of Morality {rPois Int+3}
SInv    .            n - +2 pair of boots
Will    .....        (no amulet)
Stlth   +            x - +6 ring of intelligence
HPRegen 0.39/turn    s - ring of positive energy
MPRegen 0.18/turn

%: no passive effects
@: flux-form, glowing
A: glow, contaminating, glacial breath, AC +8, unfitting armour, cold resistance
1, cold-blooded
a: Glacial Breath, Begin Untransformation, Renounce Religion, Light the Black
Torch, Recall Undead Harvest, Hurl Torchlight, Bind Soul, Fathomless Shackles


You were on level 2 of the Orcish Mines.
You worshipped Yredelemnul.
Yredelemnul was pleased with you.
You were something dangerously unstable.
You visited 3 branches of the dungeon, and saw 18 of its levels.
You visited 1 bazaar.
You also visited: Sewer and Bailey.

You collected 1583 gold pieces.
You spent 210 gold pieces at shops.

Inventory:

Hand Weapons
 g - a +0 dagger of venom
Missiles
 r - 9 curare-tipped darts (quivered)
 w - 34 poisoned darts
Armour
 n - a +2 pair of boots (worn)
 L - a +0 helmet of see invisible
 O - the -1 pair of gloves of Morality (worn) {rPois Int+3}
   (You found it in a bailey)

   Int+3:     It affects your intelligence (+3).
   rPois:     It protects you from poison.
 V - a +0 cloak (worn)
Jewellery
 s - a ring of positive energy (right hand)
 x - a +6 ring of intelligence (left hand)
 F - a ring of protection from cold
 U - a ring of protection from cold
 W - a ring of positive energy
Talismans
 b - a beast talisman
 c - a flux talisman (active)
Wands
 v - a wand of acid (2)
 G - a wand of warping (12)
 J - a wand of charming (9)
 R - a wand of mindburst (5)
Scrolls
 e - 2 scrolls of fog
 h - a scroll of revelation
 p - 3 scrolls of immolation {unknown}
 u - 8 scrolls of teleportation
 y - a scroll of acquirement {unknown}
 A - a scroll of brand weapon {unknown}
 B - 2 scrolls of blinking
 C - 2 scrolls of summoning {unknown}
 D - 2 scrolls of amnesia {unknown}
 E - 2 scrolls of enchant armour {unknown}
 H - 3 scrolls of poison
 K - a scroll of enchant weapon {unknown}
 Q - 2 scrolls of silence {unknown}
 S - a scroll of fear
 T - 3 scrolls of vulnerability {unknown}
 Y - 3 scrolls of identify
 Z - a scroll of noise {unknown}
Potions
 a - 3 potions of lignification
 i - 5 potions of curing
 j - a potion of cancellation {unknown}
 k - 2 potions of haste {unknown}
 l - 4 potions of enlightenment
 m - 2 potions of brilliance
 o - 10 potions of ambrosia
 q - 5 potions of attraction
 t - 2 potions of invisibility
 z - 3 potions of resistance
 I - 2 potions of magic
 N - 3 potions of might
 P - 2 potions of experience {unknown}
Miscellaneous
 M - a condenser vane (inert)
 X - a lightning rod (4/4)


   Skills:
 - Level 12.0 Fighting
 - Level 6.0 Dodging
 - Level 3.0 Stealth
 - Level 14.0 Unarmed Combat
 - Level 2.0 Spellcasting
 - Level 2.0 Translocations
 - Level 12.0 Invocations
 - Level 3.0 Evocations
 + Level 10.3 Shapeshifting


You had 12 spell levels left.
You knew the following spells:

 Your Spells              Type           Power      Damage    Failure   Level
a - Blink                 Tloc           22%        N/A       9%          2
b - Lesser Beckoning      Tloc           22%        N/A       9%          2

Your spell library contained the following spells:

 Spells                   Type           Power      Damage    Failure   Level
 Apportation              Tloc           22%        N/A       6%          1
 Necrotise                Necr           8%         1d4       14%         1
 Sandblast                Erth           4%         2d4       14%         1
 Slow                     Hex            8%         N/A       14%         1
 Sting                    Conj/Alch      8%         1d3       14%         1
 Summon Small Mammal      Summ           8%         N/A       14%         1
 Momentum Strike          Conj/Tloc      12%        3d8       14%         2
 Mercury Vapours          Alch/Air       4%         N/A       21%         2
 Call Canine Familiar     Summ           2%         N/A       38%         3
 Confusing Touch          Hex            2%         N/A       38%         3
 Passwall                 Erth           2%         N/A       38%         3
 Sigil of Binding         Hex            2%         N/A       38%         3
 Stone Arrow              Conj/Erth      4%         3d7       38%         3
 Vampiric Draining        Necr           2%         2d6       38%         3
 Dimensional Bullseye     Hex/Tloc       3%         N/A       65%         4
 Brom's Barrelling Bould  Conj/Erth      2%         2d3       80%         4
 Olgreb's Toxic Radiance  Alch           2%         N/A       80%         4
 Summon Forest            Summ/Tloc      3%         N/A       94%         5
 Eringya's Noxious Bog    Alch           1%         4d6       100%        6
 Summon Hydra             Summ           1%         N/A       100%        7


Dungeon Overview and Level Annotations

Branches:
Dungeon (11/15) Zot: 26889  Temple (0/1) D:6            Lair (5/5) D:8 Zot: 23497
  Swamp (0/4) Lair:3        Snake (0/4) Lair:2          Orc (2/2) D:9 Zot: 10894
    Elf (0/3) Orc:2         Sewer (visited)          Bailey (visited)
  Slime: Lair:4-5

Altars:
Cheibriados
Kikubaaqudgha
Okawaru
Qazlal
Yredelemnul
Zin
Beogh
Jiyva

Shops:
D:3 ?   D:5 [

Annotations:
D:3 3 runed translucent doors, Ruur's ghost, weakling OpSh
D:5 3 runed translucent doors, ytrimaz's ghost, novice CoFi
D:10 exclusion: ice statue
Lair:4 exclusion: 3 oklob plants
Orc:2 1 exclusion


Innate Abilities, Weirdness & Mutations

You are something dangerously unstable.
You glow with magical radiation, making you easy to see and hit.
Foes you strike become dangerously contaminated with magical radiation.
You are incapable of wielding weapons or throwing items.
You can breathe waves of cold which freeze foes solid.
Your icy white scales are hard. (AC +8)
You cannot fit into any form of body armour.
Your flesh is cold resistant. (rC+)
You are cold-blooded and may be slowed by cold attacks.


Message History

The umbral torchlight engulfs the orange demon!!
The orange demon is almost dead.
The umbral torchlight engulfs the sun demon!
The sun demon is moderately wounded.
The umbral torchlight engulfs you but does no damage.
The umbral torchlight engulfs the neqoxec!!
You kill the neqoxec!
The neqoxec disappears in a puff of smoke!
The orange demon closely misses you.
The orc priest looks encouraged for a moment.
The orc high priest completely misses you.
The orc high priest hits your bound orc knight with a +0 war axe.
You now have 9/22 mp.
You punch the orc high priest!
The orc high priest begins to glow.
The orc high priest is severely wounded.
The sun demon hits you.
* * * LOW HITPOINT WARNING * * *
You are engulfed in flames!
* * * LOW HITPOINT WARNING * * *
The orange demon barely misses you.
You take 22 damage, and have 37/118 hp.
You barely miss the orc high priest.
The orc high priest is severely wounded.
The sun demon hits you!
* * * LOW HITPOINT WARNING * * *
You are engulfed in flames!
* * * LOW HITPOINT WARNING * * *
Your bound orc knight barely misses the sun demon.
The orc high priest misses you.
The orc high priest hits your orc warrior zombie with a +0 war axe.
The orc high priest hits your bound orc knight but does no damage.
The orange demon misses you.
You take 17 damage, and have 20/118 hp.
Okay, then.
You hit the orc high priest.
The orc high priest glows dangerously bright.
The orc high priest is severely wounded.
The sun demon hits you!!
You die...
Your body rises from the dead as a mindless zombie.

...#......# **,**
..##...#.## *,..*
...#...### ### *#.#*
#.##....# ######*#.##*#...*
*###....###.....##..##....*
#..#.....#ß......#.#.$...#*
.......Z##.......'$....#.##
#....#..Z#_....ZZ'...##...#
........Z#....oopZZZ#....##
........Z#ß...43Z#ZZ......#
..#.#....##.....##.ZZ..#.##
..#......#########Z...##**
,..........ZZ..Z.ZZ...#*
,..............Z.......#
,.............#Z......##
*.....................#***
,.......................,**


You could see an orc high priest (soul-gripped, heavy contam, corroded, ally
target), a sun demon (summoned, ally target), an orange demon (summoned,
corroded), an orc priest (ally target), a friendly bound orc knight, 3 friendly
orc zombies, 2 friendly orc warrior zombies and 4 friendly orc priest zombies.

Vanquished Creatures
  A hydra (Lair:4)
  Fannar (D:10)
  A ghost crab (Lair:3)
  A catoblepas (Lair:5)
  3 death yaks (Lair:5)
  A deep troll shaman (Lair:5)
  Nergalle (Lair:1)
  A spectral death yak (Lair:3)
  An orc knight (Bailey)
  A deep elf zephyrmancer (Bailey)
  An oklob plant (Lair:2)
  A kobold blastminer (Orc:2)
  6 cane toads
  2 black mambas
  An orange demon (Lair:1)
  2 rust devils (D:10)
  3 komodo dragons
  2 rime drakes
  A hellwing (D:10)
  3 polar bears
  A red devil (D:10)
  2 trolls
  A hornet (D:9)
  8 blink frogs
  Sigmund (D:3)
  A shadow (D:10)
  5 wyverns
  15 yaks
  Menkaure (D:4)
  A chaos spawn (D:10)
  6 water moccasins
  Pargi (Sewer)
  4 ice beasts
  A sky beast (D:6)
  16 orc warriors
  10 wolves
  4 centaurs
  An ogre (Orc:1)
  A blink frog zombie (Lair:2)
  A phantom (D:5)
  A kobold brigand (D:9)
  2 scorpions
  9 bullfrogs
  3 wights (D:8)
  12 killer bees
  A lava snake (Lair:2)
  A bombardier beetle (D:4)
  A gnoll bouda (D:6)
  3 hounds
  4 jellies
  18 orc priests
  A sleepcap (D:8)
  Ijyb (D:5)
  3 iguanas
  7 hell rats (Lair:1)
  6 orc wizards
  2 killer bee zombies (Lair:2)
  Robin (D:3)
  2 gnolls (D:6)
  6 adders
  A shadow imp (D:6)
  3 ufetubi
  57 orcs
  A ball python (D:4)
  7 bats
  9 endoplasms
  9 giant cockroaches
  8 goblins
  6 hobgoblins
  10 jackals
  21 kobolds
  4 quokkas
  3 frilled lizards
  11 rats
349 creatures vanquished.

Vanquished Creatures (collateral kills)
  A dire elephant (Lair:5)
  A two-headed ogre (D:10)
  2 death yaks (Lair:5)
  An orc knight (Orc:2)
  A salamander (Lair:2)
  4 elephants (Lair:5)
  3 rust devils (D:10)
  An orange demon (D:10)
  An unseen horror (D:9)
  3 komodo dragons
  A rime drake (Lair:1)
  A troll (Orc:1)
  Prince Ribbit (D:6)
  19 blink frogs
  2 wyverns
  A ynoxinul (D:10)
  19 yaks
  A steam dragon (D:8)
  5 water moccasins
  3 orc warriors
  2 black bears
  An ogre (Orc:2)
  4 wolves
  A centaur (D:8)
  A kobold brigand (D:10)
  11 bullfrogs
  A scorpion (D:8)
  A wight (D:8)
  14 killer bees
  A lava snake (Lair:2)
  A bombardier beetle (D:4)
  Crazy Yiuf (D:5)
  A hound (D:4)
  13 orc priests
  A sleepcap (D:5)
  An iguana (D:7)
  7 orc wizards
  5 gnolls (D:6)
  2 adders
  3 white imps
  5 ufetubi
  A dart slug (D:4)
  A ribbon worm (D:3)
  42 orcs
  2 endoplasms (D:3)
  A giant cockroach (D:3)
  6 goblins
  4 hobgoblins
  3 kobolds
  A ball python (D:4)
  A butterfly (Lair:5)
210 creatures vanquished.

Vanquished Creatures (others)
  A spectral centaur (Lair:5)
  A spectral skyshark (Lair:4)
  A death yak zombie (Lair:5)
  A spectral rust devil (D:10)
  A cane toad zombie (Lair:5)
  A spectral ynoxinul (D:10)
  3 blink frog zombies
  A komodo dragon zombie (Lair:2)
  2 wyvern zombies (D:8)
  A water moccasin zombie (Lair:5)
  A polar bear zombie (Lair:5)
  5 yak zombies
  A troll zombie (Orc:1)
  5 wolf zombies
  6 bullfrog zombies (Lair:2)
  A black bear zombie (Lair:1)
  An orc wizard (D:8)
  10 killer bee zombies
  An ogre zombie (Orc:1)
  A hound zombie (D:6)
  2 adder zombies
  2 bat zombies
  2 gnoll zombies (D:6)
  An endoplasm zombie (D:3)
  2 giant cockroach zombies (D:3)
  3 goblin zombies
  A hobgoblin zombie (D:3)
  8 kobold zombies
  42 orc zombies
  A quokka zombie (D:3)
  4 rat zombies (D:3)
  A spectral ufetubus (D:7)
114 creatures vanquished.

Grand Total: 673 creatures vanquished

Notes
Turn   | Place    | Note
-------+----------+-------------------------------------------
     0 | D:1      | 910rd the Draconian Shapeshifter began the quest for the
                  | Orb.
     0 | D:1      | Reached XP level 1. HP: 16/16 MP: 1/1
   115 | D:1      | Reached XP level 2. HP: 25/25 MP: 2/2
   616 | D:1      | Reached XP level 3. HP: 31/31 MP: 3/3
  1443 | D:2      | Found a basalt altar of Yredelemnul.
  1454 | D:2      | Became a worshipper of Yredelemnul the Fallen
  1995 | D:2      | Reached XP level 4. HP: 38/38 MP: 4/4
  2349 | D:3      | Reached * piety under Yredelemnul
  2448 | D:3      | Found Nodda's Magic Scroll Boutique.
  2452 | D:3      | Bought a scroll of fear for 48 gold pieces
  2452 | D:3      | Bought a scroll of teleportation for 36 gold pieces
  2578 | D:3      | Noticed Robin
  2593 | D:3      | Found a glowing drain.
  2605 | Sewer    | Entered a sewer
  2655 | Sewer    | Noticed Pargi
  2664 | Sewer    | Killed Pargi
  2665 | Sewer    | Reached skill level 5 in Shapeshifting
  2665 | Sewer    | Reached XP level 5. HP: 41/45 MP: 5/5
  2731 | D:3      | Killed Robin
  2842 | D:3      | Reached XP level 6. HP: 45/51 MP: 6/6
  3012 | D:3      | Noticed Sigmund
  3023 | D:3      | Killed Sigmund
  3186 | D:3      | Found a faded altar of an unknown god.
  3236 | D:3      | Found a runed translucent gate.
  3237 | D:3      | Found a runed translucent gate.
  3238 | D:3      | Found a runed translucent gate.
  3239 | D:3      | Noticed Ruur's ghost (weakling OpSh)
  3476 | D:3      | Bought a scroll of blinking for 90 gold pieces
  3666 | D:4      | Reached ** piety under Yredelemnul
  3667 | D:4      | Reached skill level 1 in Invocations
  3667 | D:4      | Your scales start taking on an icy white colour.
  3667 | D:4      | Reached XP level 7. HP: 56/57 MP: 7/7
  3667 | D:4      | Gained mutation: Your flesh is cold resistant. (rC+) [White
                  | Draconian growth]
  3678 | D:4      | Noticed Menkaure
  3685 | D:4      | Killed Menkaure
  3798 | D:4      | Reached skill level 1 in Stealth
  4516 | D:5      | Entered Level 5 of the Dungeon
  4673 | D:5      | Found a runed translucent door.
  4674 | D:5      | Noticed Crazy Yiuf
  4690 | D:5      | Killed Crazy Yiuf
  5021 | D:5      | Noticed ytrimaz's ghost (novice CoFi)
  5022 | D:5      | Found a runed translucent gate.
  5023 | D:5      | Found a runed translucent gate.
  5023 | D:5      | Found a runed translucent gate.
  5039 | D:5      | Found Itruxzi's Armour Shop.
  5316 | D:5      | Noticed Ijyb
  5331 | D:5      | Killed Ijyb
  5446 | D:5      | Reached skill level 4 in Unarmed Combat
  5446 | D:5      | Reached XP level 8. HP: 63/63 MP: 10/10
  5657 | D:6      | Reached skill level 5 in Unarmed Combat
  5767 | D:6      | Reached skill level 5 in Fighting
  6303 | D:6      | Noticed a troll
  6309 | D:6      | Killed a troll
  6310 | D:6      | Reached skill level 5 in Invocations
  6325 | D:6      | Found a staircase to the Ecumenical Temple.
  6354 | D:6      | Reached skill level 1 in Spellcasting
  6404 | D:6      | Noticed Prince Ribbit
  6426 | D:6      | Killed Prince Ribbit
  6557 | D:6      | Learned a level 2 spell: Blink
  6560 | D:6      | Learned a level 2 spell: Lesser Beckoning
  6625 | D:6      | Reached XP level 9. HP: 70/74 MP: 12/12
  7068 | D:7      | Reached skill level 6 in Unarmed Combat
  7090 | D:7      | Reached *** piety under Yredelemnul
  7450 | D:7      | Reached skill level 7 in Unarmed Combat
  7978 | D:8      | Found a flagged portal.
  8000 | Bailey   | Entered a bailey
  8104 | Bailey   | Noticed an orc knight
  8117 | Bailey   | Killed an orc knight
  8118 | Bailey   | Reached skill level 8 in Unarmed Combat
  8118 | Bailey   | Reached skill level 1 in Evocations
  8347 | Bailey   | Found a large runed translucent door.
  8347 | Bailey   | Found a large runed translucent door.
  8348 | Bailey   | Noticed a deep elf zephyrmancer
  8416 | Bailey   | Killed a deep elf zephyrmancer
  8417 | Bailey   | Reached XP level 10. HP: 83/83 MP: 11/14
  8434 | Bailey   | Identified the -1 pair of gloves of Morality {rPois Int+3}
  8890 | D:8      | Found a staircase to the Lair.
  9291 | Lair:1   | Entered Level 1 of the Lair of Beasts
  9445 | Lair:1   | Noticed Amaemon
  9448 | Lair:1   | Noticed an orange demon
  9505 | Lair:1   | Reached **** piety under Yredelemnul
  9517 | Lair:1   | Killed an orange demon
  9518 | Lair:1   | Reached skill level 10 in Shapeshifting
  9518 | Lair:1   | Reached XP level 11. HP: 53/94 MP: 15/15
  9541 | Lair:1   | Killed Amaemon
  9541 | Lair:1   | Bound Amaemon
  9718 | Lair:1   | Noticed Nergalle
  9729 | Lair:1   | Killed Nergalle
  9730 | Lair:1   | Reached skill level 5 in Dodging
 10494 | Lair:2   | Noticed an oklob plant
 10504 | Lair:2   | Reached skill level 9 in Unarmed Combat
 10519 | Lair:2   | Killed an oklob plant
 10746 | Lair:2   | Reached skill level 10 in Unarmed Combat
 11056 | Lair:2   | HP: 1/94 [killer bee (9)]
 11280 | Lair:2   | Found a staircase to the Snake Pit.
 12031 | Lair:3   | You fall into a shaft and drop 1 floor!
 12377 | Lair:3   | Reached XP level 12. HP: 74/104 MP: 18/18
 12571 | Lair:3   | Found a staircase to the Swamp.
 12571 | Lair:3   | Noticed a ghost crab
 12588 | Lair:3   | Killed a ghost crab
 12589 | Lair:3   | Reached skill level 11 in Unarmed Combat
 13305 | Lair:4   | Reached skill level 10 in Fighting
 13440 | Lair:4   | Noticed Nessos
 13450 | Lair:4   | Killed Nessos
 13450 | Lair:4   | Bound Nessos
 13584 | Lair:4   | Noticed a six-headed hydra
 13586 | Lair:4   | Found a viscous altar of Jiyva.
 13589 | Lair:4   | Killed a six-headed hydra
 14132 | Lair:5   | Entered Level 5 of the Lair of Beasts
 14144 | Lair:5   | Reached skill level 12 in Unarmed Combat
 14646 | Lair:5   | Reached skill level 13 in Unarmed Combat
 14928 | Lair:5   | Reached skill level 14 in Unarmed Combat
 14928 | Lair:5   | Reached XP level 13. HP: 86/113 MP: 19/19
 15480 | Lair:5   | Reached skill level 10 in Invocations
 15491 | Lair:5   | Your ally Nessos died
 15498 | Lair:5   | Noticed a dire elephant
 15690 | Lair:5   | Found the +15 Maxwell's patent armour {-Cast -Tele rElec
                  | Will+ rCorr}
 15696 | Lair:5   | Killed a dire elephant
 16206 | D:9      | Found an iron altar of Okawaru.
 16206 | D:9      | Found an ancient bone altar of Kikubaaqudgha.
 16332 | D:9      | Reached ***** piety under Yredelemnul
 16366 | D:9      | Found a staircase to the Orcish Mines.
 16575 | D:9      | Found a glowing silver altar of Zin.
 16576 | D:9      | Found a snail-covered altar of Cheibriados.
 16578 | D:9      | Found a stormy altar of Qazlal.
 16885 | D:10     | Entered Level 10 of the Dungeon
 17376 | D:10     | Noticed Fannar
 17386 | D:10     | Killed Fannar
 18213 | Orc:1    | Entered Level 1 of the Orcish Mines
 18487 | Orc:2    | Entered Level 2 of the Orcish Mines
 18596 | Orc:2    | Found a staircase to the Elven Halls.
 18636 | Orc:2    | Found a flickering gateway to a bazaar.
 18647 | Bazaar   | Entered a bazaar
 18647 | Bazaar   | Found Qubeypn's Antique Weapon Shop.
 18686 | Bazaar   | Found Waejolou's General Store.
 18712 | Bazaar   | Found Uceuc's Antique Armour Shop.
 18740 | Bazaar   | Bought a scroll of teleportation for 36 gold pieces
 19462 | Orc:2    | Found a roughly hewn altar of Beogh.
 19473 | Orc:2    | Slain by a sun demon

Illustrated notes

Levels and vault maps discovered:
D:1:      enne_arrival_octagon_isle, layout_loops_ring, serial_forest,
          infiniplex_forest_lined_corner, infiniplex_forest_clump_diagonal,
          infiniplex_forest_lined_room_3, infiniplex_forest_end_2,
          infiniplex_forest_end_double, infiniplex_forest_lined_room_3,
          minmay_tetromino_o2
D:2:      layout_basic, basic_altar, grunt_ministairs_6,
          hangedman_decor_slide_cut, minmay_three_crescents
D:3:      layout_basic, ebering_ecumenical_altar_abandoned, serial_shops,
          nicolae_shop_crystal, gammafunk_ghost_necromancy,
          gup_sewer_entry_pipe, uniq_sigmund, uniq_robin
D:4:      layout_basic, grunt_ministairs_2, serial_park_tiny_1, uniq_menkaure
D:5:      layout_loops_corners, gammafunk_ghost_split, serial_shops, shop,
          uniq_crazy_yiuf_cottage, uniq_ijyb
D:6:      layout_layer_cave, minmay_temple_entry_mini_moons, uniq_prince_ribbit1
D:7:      layout_basic
D:8:      layout_rooms, minmay_lair_entry_grove, enter_bailey_5,
          kennysheep_generic_room_3
D:9:      layout_long_grid, chequers_temple_overflow_statue_of_worship,
          nicolae_overflow_two_pavilions, hiddenorc2_lemuel, serial_ice,
          serial_ice_n, serial_ice_e, serial_ice_g, serial_ice_o, serial_ice_i,
          grunt_ministairs_15
D:10:     lemuel_ice_statue, layout_rooms, serial_demonic, serial_demonic_c,
          serial_demonic_a, serial_demonic_b, serial_demonic_b,
          dk_noncrumbling_4, uniq_fannar
D:11:     layout_stronghold, serial_bayou, serial_bayou_lagoon_a,
          serial_bayou_lake_a, serial_bayou_lagoon_b, serial_bayou_crossing,
          trog_three_pillars_becter
Lair:1:   layout_roguey, uniq_nergalle, uniq_amaemon
Lair:2:   dpeg_oklob_shooting_range, layout_hall_layers,
          nicolae_snake_entry_warm_welcome, special_room [special_room_bee]
Lair:3:   layout_chaotic_city, nicolae_swamp_entry_spooky
Lair:4:   layout_loops_ring, minmay_slime_entry_oklob_open, uniq_nessos
Lair:5:   grunt_lair_end_beastmaster, layout_hall_layers, lemuel_fruit_fields
Orc:1:    layout_caves
Orc:2:    st_orc_pillars, layout_caves, serial_shops, bzr_in_the_mist,
          nicolae_orc_seminary

Skill      XL: |  1  2  3  4  5  6  7  8  9 10 11 12 13 |
---------------+----------------------------------------+-----
Fighting       | 2 3 5 6 8 9 10 12 | 12.0
Shapeshifting  | 4 5 7 10 | 10.3
Invocations    | 1 3 5 6 8 9 12 | 12.0
Stealth        | 3 |  3.0
Dodging        | 3 4 5 6 |  6.0
Unarmed Combat | 4 5 8 10 14 | 14.0
Spellcasting   | 2 |  2.0
Translocations | 2 |  2.0
Evocations     | 2 3 |  3.0

Action                     |  1- 3 |  4- 6 |  7- 9 | 10-12 | 13-15 || total
---------------------------+-------+-------+-------+-------+-------++-------
  Melee: Unarmed           |   115 |   129 |   278 |   451 |   411 ||  1384
         Tailslap          |    15 |    16 |    51 |    81 |    81 ||   244
         Punch             |     2 |     1 |       |       |       ||     3
   Fire: Sling             |     7 |       |       |       |       ||     7
  Throw: Dart              |       |     3 |       |       |       ||     3
 Invoke: Light the Black T |     1 |     3 |     5 |     5 |     4 ||    18
         Recall Undead Har |       |       |     2 |     5 |     3 ||    10
         Bind Soul         |       |       |       |     4 |     4 ||     8
         Hurl Torchlight   |       |       |       |     1 |     1 ||     2
Ability: Glacial Breath    |       |       |     4 |     6 |     1 ||    11
  Evoke: Wand              |       |       |     6 |     6 |     4 ||    16
         Condenser vane    |       |       |       |     1 |     1 ||     2
    Use: Scroll            |       |     1 |     3 |    12 |     3 ||    19
         Potion            |       |       |       |     4 |       ||     4
   Stab: Sleeping          |     1 |     1 |     4 |       |       ||     6
         Distracted        |       |     4 |     2 |     5 |     5 ||    16
         Petrifying        |       |       |       |       |     1 ||     1
 Armour: Skin              |    51 |    70 |   174 |   312 |   214 ||   821
  Dodge: Dodged            |    57 |   125 |   256 |   418 |   310 ||  1166
         Form:             |     1 |       |       |     3 |     1 ||     5
         Beast             |     1 |       |       |       |       ||     1
         Flux              |       |     1 |       |     3 |     1 ||     5

Table legend: (Time is in decaauts)
 A = Elapsed time spent in this place.
 B = Non-inter-level travel time spent in this place.
 C = Inter-level travel time spent in this place.
 D = Time resting spent in this place.
 E = Time spent auto-exploring this place.
 F = Levels seen in this place.
 G = Mean time per level.
                   A        B        C        D        E       F      G
               +--------+--------+--------+--------+--------+-----+--------+
         Total |  19278 |  18159 |   1119 |   1077 |  13052 |  21 |  918.0 |
       Dungeon |  10912 |  10078 |    834 |    361 |   7720 |  11 |  992.0 |
          Lair |   6502 |   6218 |    284 |    462 |   4463 |   5 | 1300.4 |
  Orcish Mines |   1104 |   1104 |      0 |    120 |    653 |   2 |  552.0 |
        Bazaar |    123 |    123 |      0 |      0 |     70 |   1 |  123.0 |
         Sewer |    120 |    120 |      0 |      0 |     16 |   1 |  120.0 |
        Bailey |    515 |    515 |      0 |    134 |    129 |   1 |  515.0 |
               +--------+--------+--------+--------+--------+-----+--------+

Top non-repeatable levels by time:
  Lair:5: 1634 daAuts
  Lair:4: 1367 daAuts
  Lair:2: 1336 daAuts
     D:6: 1219 daAuts
  Lair:1: 1216 daAuts
    D:10: 1211 daAuts
     D:1: 1204 daAuts
     D:5: 1130 daAuts
     D:2: 1125 daAuts
     D:7: 1068 daAuts
     D:3: 1063 daAuts
     D:4: 1013 daAuts
     D:9: 989 daAuts
  Lair:3: 948 daAuts
     D:8: 837 daAuts
